 Dungeon Crawl Stone Soup version 0.21-a0-529-g8c7b3f5 (webtiles) character file.

74 slep the Chopper (level 4, -5/33 HPs)
             Began as a Demonspawn Gladiator on Dec 11, 2017.
             Was an Initiate of Okawaru.
             Killed by divine providence
             ... invoked by an orc priest
              (14 damage)
             ... on level 4 of the Dungeon.
             The game lasted 00:05:04 (2027 turns).

slep the Chopper (Demonspawn Gladiator)             Turns: 2027, Time: 00:05:06

Health: -5/33      AC:  6    Str: 14    XL:     4   Next: 10%
Magic:  4/4        EV: 13    Int:  9    God:    Okawaru [......]
Gold:   180        SH:  0    Dex: 16    Spells: 3/3 levels left

rFire    . . .     SeeInvis .   a - +0 war axe
rCold    + . .     Gourm    .   (no shield)
rNeg     . . .     Faith    .   b - +0 leather armour
rPois    .         Spirit   .   c - +0 helmet
rElec    .         Reflect  .   (no cloak)
rCorr    .         Harm     .   k - +0 pair of gloves
MR       .....                  w - +0 pair of boots
Stlth    +.........             n - amulet of magic regeneration
HPRegen  0.11/turn              i - ring of protection from cold
MPRegen  0.34/turn              (no ring)

@: no status effects
A: talons 1, demonic guardian 1
a: Renounce Religion


You were on level 4 of the Dungeon.
You worshipped Okawaru.
Okawaru was noncommittal.
You were hungry.

You visited 1 branch of the dungeon, and saw 4 of its levels.

You collected 180 gold pieces.

Inventory:

Hand Weapons
 a - a +0 war axe (weapon)
Missiles
 d - 3 throwing nets (quivered)
 t - 8 tomahawks
Armour
 b - a +0 leather armour (worn)
 c - a +0 helmet (worn)
 k - a +0 pair of gloves (worn)
 w - a +0 pair of boots (worn)
Jewellery
 i - a ring of protection from cold (left hand)
 n - an amulet of magic regeneration (around neck)
Wands
 u - a wand of enslavement (15)
Scrolls
 e - a scroll of enchant armour {unknown}
 g - a scroll of fog {unknown}
 h - 4 scrolls of identify {unknown}
 l - 2 scrolls of fear {unknown}
 m - a scroll of immolation {unknown}
 o - a scroll of noise {unknown}
 r - 2 scrolls of remove curse {unknown}
 s - a scroll of magic mapping {unknown}
 v - a scroll of amnesia {unknown}
Potions
 j - a potion of flight {unknown}
 p - a potion of curing {unknown}
 q - a potion of agility {unknown}
Comestibles
 f - 2 bread rations


   Skills:
 + Level 2.2 Fighting
 + Level 3.9 Axes
 + Level 1.8 Throwing
 + Level 0.3 Armour
 + Level 3.2 Dodging
 + Level 0.3 Stealth


You had 3 spell levels left.
You didn't know any spells.

Dungeon Overview and Level Annotations

Branches:
Dungeon (4/15)
 Temple: D:4-7

Altars:
Cheibriados
Hepliaklqana
Okawaru
Qazlal
Xom
Yredelemnul
The Shining One


Innate Abilities, Weirdness & Mutations

You have sharp toenails.
A weak demonic guardian rushes to your aid.


Message History

You hear an angry hiss. x2
An orc priest comes into view. It is wielding a flail.
You closely miss the orc wizard.
The orc wizard hits you but does no damage.
The worm barely misses your iron imp. The orc barely misses you.
A leopard gecko comes into view.
You closely miss the orc wizard. The orc wizard closely misses you.
The orc priest mumbles some strange prayers to Beogh against you.
Beogh smites you!
The orc hits you from afar with a trident!
* * * LOW HITPOINT WARNING * * *
The worm bites your iron imp!
Your iron imp hits the worm!
You hear a shout!
You closely miss the orc wizard.
You hit the adder skeleton but do no damage.
The orc wizard mumbles some strange words.
The orc wizard seems to speed up.
The orc priest invokes the aid of Beogh against you.
Beogh smites you!
You die...

### ...# ..###
.... #.. #o###
#.@5#########.##
#5Z#..)...<.....#
#wo.###########.##
lo.#. .....#. .###
.. .. #.


You could see a worm, an orc priest, an orc wizard, an orc, a leopard gecko, an
adder skeleton, a friendly iron imp and a friendly quasit.

Vanquished Creatures
  2 adders
  2 worms
  2 orcs
  2 bats (D:2)
  5 giant cockroaches
  5 goblins
  6 hobgoblins
  7 jackals
  A quokka (D:3)
  2 ball pythons
  3 frilled lizards
  2 kobolds
  4 rats
43 creatures vanquished.

Notes
Turn   | Place    | Note
-------+----------+-------------------------------------------
     0 | D:1      | slep the Demonspawn Gladiator began the quest for the Orb.
     0 | D:1      | Reached XP level 1. HP: 16/16 MP: 1/1
   197 | D:1      | Gained mutation: A weak demonic guardian rushes to your aid. [demonic ancestry]
   197 | D:1      | Reached XP level 2. HP: 22/22 MP: 2/2
   617 | D:2      | Found a snail-covered altar of Cheibriados.
   707 | D:2      | Gained mutation: You have sharp toenails. [demonic ancestry]
   707 | D:2      | Reached XP level 3. HP: 18/27 MP: 3/3
   817 | D:2      | Found a hazy altar of Hepliaklqana.
   817 | D:2      | Found a glowing golden altar of the Shining One.
   822 | D:2      | Found a basalt altar of Yredelemnul.
   824 | D:2      | Found a shimmering altar of Xom.
   826 | D:2      | Found an iron altar of Okawaru.
   829 | D:2      | Became a worshipper of Warmaster Okawaru
  1049 | D:2      | Found a faded altar of an unknown god.
  1282 | D:3      | Noticed an earth elemental
  1289 | D:3      | Found a stormy altar of Qazlal.
  1292 | D:3      | Noticed a fire elemental
  1292 | D:3      | Noticed an air elemental
  1292 | D:3      | Noticed a water elemental
  1860 | D:3      | Reached XP level 4. HP: 33/33 MP: 4/4
  2027 | D:4      | Killed from afar by an orc priest

Vault maps used:
D:1:      zelgadis_glass_arrival_small
D:2:      cheibriados_altar_1, chequers_temple_overflow_minitemple,
          chequers_ecumenical_altar_island
D:3:      nicolae_qazlal_style_of_elements, grunt_ministairs_1
D:4:      nicolae_overflow_crystal_walls, zin_purify,
          minmay_temple_entry_nine_rooms, serial_shops, shop,
          palyth_stone_intersect, uniq_natasha, uniq_pikel

Skill      XL: |  1  2 |
---------------+-------+-----
Dodging        | 3 |  3.2
Axes           | 3 |  3.9
Fighting       | |  2.2
Throwing       | |  1.8
Armour         | |  0.3
Stealth        | |  0.3

Action                   |  1- 3 |  4- 6 || total
-------------------------+-------+-------++-------
Melee: War axe           |   113 |    10 ||   123
       Kick              |     4 |       ||     4
 Stab: Sleeping          |     3 |       ||     3
  Eat: Chunk             |     3 |       ||     3
Armor: Leather armour    |    30 |     3 ||    33
Dodge: Dodged            |    87 |     5 ||    92

Table legend:
 A = Spawn XP
 B = Non-spawn XP
 C = Spawn XP percentage of total XP
 D = Spawn monster count
 E = Non-spawn monster count
 F = Spawn count percentage of total count
 G = Total turns spent on level
                    A         B        C        D         E        F      G
               +---------+---------+-------+---------+---------+-------+---------
         Total |       0 |     107 |   0.0 |       0 |      43 |   0.0 |  2027
               +---------+---------+-------+---------+---------+-------+---------
           D:1 |       0 |      23 |   0.0 |       0 |      13 |   0.0 |   590
           D:2 |       0 |      37 |   0.0 |       0 |      14 |   0.0 |   666
           D:3 |       0 |      44 |   0.0 |       0 |      15 |   0.0 |   754
           D:4 |       0 |       3 |   0.0 |       0 |       1 |   0.0 |    17
               +---------+---------+-------+---------+---------+-------+---------
